Map: Cyber Forest LE

Players

JimRising

  • Race: Zerg Zerg
  • League: Grandmaster
  • Spawn Location: 5:00

Rex - Winner!

  • Race: Zerg Zerg
  • Spawn Location: 11:00

Event: 2019 WCS Winter Americas

VOD

Have the link to the VOD?

Description

Time

  • Played on: Feb. 3, 2019, 3:20 p.m.
  • Length: 8:01

All games in this series

Show
View Real Time Build Order
Export as new Build Order

JimRising Zerg 

Build Orders: Pool First 

Get SALT Encoding   

  12  0:00  Drone  
  13  0:12  Overlord  
  13  0:17  Drone  
  14  0:31  Drone  
  15  0:37  Spawning Pool  
  15  0:40  Drone  
  15  0:45  Drone  
  15  0:49  Drone  
  17  0:56  Drone  
  18  1:13  Hatchery  
  17  1:24  Zergling x4  
  19  1:29  Queen  
  21  1:35  Overlord  
  21  1:39  Extractor  
  20  1:40  Drone  
  21  1:49  Drone  
  22  2:00  Drone  
  23  2:05  Queen  
  25  2:10  Drone  
  26  2:21  Drone  
  27  2:27  Queen  
  27  2:29  Drone  
  30  2:33  Overlord  
  30  2:37  Drone x3  
  30  2:38  Drone  
  34  2:48  Drone x2  
  36  2:55  Drone  
  36  3:00  Drone  
  36  3:02  Roach Warren  
  36  3:08  Drone  
  36  3:13  Drone x3  
  36  3:17  Lair  
  39  3:21  Evolution Chamber  
  38  3:31  Evolution Chamber  
  37  3:35  Drone x4  
  37  3:36  Drone x3  
  37  3:41  Evolution Chamber, Overlord  
  44  3:44  Extractor  
  44  3:46  Roach  
  44  3:52  Overlord  
  44  3:59  Roach x2  
  44  4:01  Evolution Chamber, Roach  
  49  4:05  Evolution Chamber  
  48  4:12  Roach Warren  
  47  4:19  Evolution Chamber  
  48  4:25  Zerg Missile Weapons Level 1  
  48  4:31  Extractor  
  48  4:34  Queen  
  48  4:35  Queen  
  51  4:38  Overlord  
  51  4:44  Nydus Network  
  50  4:50  Drone x2  
  52  5:01  Roach  
  52  5:02  Roach x3  
  64  5:07  Roach x2  
  64  5:10  Roach  
  64  5:11  Roach, Zergling x8  
  62  5:14  Roach  
  62  5:17  Roach  
  55  5:23  Roach  
  55  5:27  Roach  
  50  5:35  Roach  
  44  5:44  Roach  
  46  5:56  Roach  
  45  5:58  Zergling x4  
  47  6:04  Roach  
  47  6:21  Nydus Canal  
  47  6:23  Queen  
  47  6:24  Roach  
  51  6:30  Drone x2  
  47  6:36  Roach  
  49  6:46  Roach  
  50  6:57  Roach  
  49  7:01  Roach  
  51  7:10  Roach  
  47  7:19  Roach x2  
  37  7:28  Roach  
  35  7:33  Roach  
  33  7:41  Roach  
Show
View Real Time Build Order
Export as new Build Order

Rex Zerg - Winner!

Build Orders: Hatch First, Zergling Baneling 

Get SALT Encoding   

  12  0:00  Drone  
  13  0:12  Overlord  
  13  0:17  Drone  
  14  0:31  Drone x2  
  16  0:48  Hatchery  
  15  0:52  Drone  
  15  0:56  Drone  
  17  1:00  Drone  
  18  1:10  Extractor  
  17  1:16  Spawning Pool  
  16  1:18  Drone  
  16  1:22  Drone  
  18  1:28  Drone  
  19  1:39  Drone  
  20  1:51  Drone  
  21  2:02  Queen  
  21  2:03  Overlord, Queen  
  21  2:05  Zergling x2  
  26  2:10  Metabolic Boost  
  26  2:13  Drone  
  26  2:14  Drone  
  29  2:22  Drone  
  29  2:23  Drone  
  30  2:41  Hatchery  
  29  2:44  Zergling x4  
  29  2:50  Zergling x4  
  32  2:56  Overlord  
  31  3:01  Zergling x2  
  31  3:13  Zergling x8  
  31  3:14  Zergling x2  
  31  3:18  Zergling x2  
  37  3:20  Zergling x2  
  37  3:22  Zergling x2  
  37  3:26  Zergling x2  
  40  3:27  Zergling x2  
  40  3:29  Zergling x2  
  42  3:38  Zergling x2  
  43  3:43  Zergling x4, Baneling Nest  
  44  3:53  Overlord  
  44  3:54  Zergling x4  
  45  3:57  Zergling x2  
  45  4:00  Zergling x2  
  44  4:03  Zergling x2  
  43  4:14  Zergling x4  
  42  4:22  Zergling x8  
  42  4:23  Zergling x2  
  47  4:28  Baneling  
  47  4:29  Baneling x2  
  47  4:30  Baneling x3  
  47  4:33  Baneling  
  47  4:34  Baneling  
  47  4:35  Baneling  
  47  4:37  Baneling  
  47  4:40  Zergling x2  
  47  4:43  Zergling x2  
  49  4:49  Zergling x4  
  49  4:51  Zergling x2  
  52  4:58  Zergling x4  
  52  4:59  Zergling x2  
  48  5:11  Zergling x2  
  48  5:12  Zergling x6  
  46  5:15  Zergling x2  
  46  5:17  Zergling x2  
  46  5:20  Baneling x2  
  47  5:23  Zergling x2  
  47  5:25  Zergling x2  
  46  5:29  Zergling x2  
  46  5:30  Baneling  
  46  5:33  Zergling x2  
  46  5:37  Zergling x2  
  46  5:39  Zergling x2  
  46  5:42  Zergling x2  
  42  5:45  Zergling x2  
  42  5:48  Zergling x2  
  41  5:51  Drone  
  41  5:55  Drone x2  
  42  5:59  Drone  
  42  6:03  Drone  
  42  6:07  Baneling  
  42  6:08  Baneling  
  42  6:10  Drone  
  41  6:19  Zergling x2  
  41  6:20  Zergling x6  
  41  6:22  Zergling x4  
  46  6:29  Zergling x4  
  46  6:32  Zergling x4  
  49  6:37  Baneling  
  49  6:38  Zergling x4  
  51  6:49  Zergling x10  
  53  6:57  Zergling x6  
  53  6:59  Zergling x2  
  53  7:00  Zergling x2  
  50  7:01  Zergling x2  
  50  7:02  Zergling x2  
  50  7:04  Baneling x2  
  50  7:06  Zergling x2  
  48  7:10  Zergling x2  
  48  7:13  Zergling x2  
  43  7:16  Zergling x2  
  43  7:21  Zergling x2  
  41  7:26  Zergling x2  
  41  7:28  Zergling x2  
  39  7:31  Zergling x2  
  39  7:35  Zergling x2  
  39  7:36  Zergling x2  
  38  7:37  Zergling x2  
  38  7:39  Zergling x2  
  38  7:41  Zergling x2  
  38  7:43  Zergling x2  
Tags
 
Add a new tag
Caveats
  • Supply blocks, unpowered buildings, or Contaminate may cause inaccurate times.
  • Supply counts are checked every 10 seconds.